 Dungeon Crawl Stone Soup version 0.28.0-49-g6dfe1f597d (console) character file.

Game seed: 7615749109810020769

2198 Faeu the Cleaver (level 9, -2/81 HPs)
             Began as a Minotaur Berserker on May 12, 2022.
             Was a Priest of Trog.
             Slain by a gnoll
             ... wielding a +0 spear
              (3 damage)
             ... on level 7 of the Dungeon.
             The game lasted 00:14:59 (4990 turns).

Faeu the Cleaver (Minotaur Berserker)               Turns: 4990, Time: 00:15:00

Health: -2/81      AC: 10    Str: 26    XL:     9   Next: 12%
Magic:  8/8        EV: 10    Int:  4    God:    Trog [***...]
Gold:   551        SH:  0    Dex: 10    Spells: 8/8 levels left

rFire   . . .      SeeInvis .   a - +0 hand axe {axe}
rCold   . . .      Faith    .   (no shield)
rNeg    . . .      Spirit   .   u - +0 chain mail
rPois   .          Reflect  .   (helmet restricted)
rElec   .          Harm     .   (no cloak)
rCorr   .          Rampage  .   (no gloves)
Will    .....                   (no boots)
Stlth   ..........              f - amulet of regeneration {@e2}
HPRegen 1.03/turn               (no ring)
MPRegen 0.11/turn               (no ring)

@: on berserk cooldown, slowed, very slow
A: horns 2, retaliatory headbutt
a: Renounce Religion, Berserk, Trog's Hand


You were on level 7 of the Dungeon.
You worshipped Trog.
Trog was most pleased with you.
You visited 1 branch of the dungeon, and saw 6 of its levels.

You collected 551 gold pieces.


Innate Abilities, Weirdness & Mutations

You have a pair of horns on your head.
You reflexively headbutt those who attack you in melee.


   Skills:
 + Level 8.1 Fighting
 + Level 8.1 Axes
 + Level 7.6 Armour
 + Level 7.0 Dodging


You had 8 spell levels left.
You didn't know any spells.
Your spell library contained the following spells:

 Spells                   Type           Power      Damage    Failure   Level
 Ignite Poison            Fire/Tmut/Pois 0%         N/A       100%        3
 Mephitic Cloud           Conj/Pois/Air  0%         N/A       100%        3
 Freezing Cloud           Conj/Ice/Air   0%         6-21      100%        5
 Summon Forest            Summ/Tloc      0%         N/A       100%        5
 Summon Mana Viper        Hex/Summ       0%         N/A       100%        5
 Summon Cactus Giant      Summ           0%         N/A       100%        6

Inventory:

Hand Weapons
 a - a +0 hand axe (weapon) {axe}
Missiles
 k - 13 poisoned darts {throwing}
 q - 5 boomerangs (quivered) {throwing}
Armour
 b - a +0 animal skin
 u - a +0 chain mail (worn)
   (You took it off Ijyb on level 5 of the Dungeon)
Jewellery
 f - an amulet of regeneration (around neck) {@e2}
   (You found it on level 1 of the Dungeon)
 h - an amulet of guardian spirit
   (You found it on level 1 of the Dungeon)
 j - a ring of fire
   (You found it on level 3 of the Dungeon)
 p - a ring of magical power
   (You found it on level 5 of the Dungeon)
Wands
 n - a wand of acid (13)
   (You found it on level 3 of the Dungeon)
 t - a wand of paralysis (4)
   (You took it off Ijyb on level 5 of the Dungeon)
 v - a wand of iceblast (6)
   (You found it on level 6 of the Dungeon)
 y - a wand of flame (16)
   (You found it on level 7 of the Dungeon)
Scrolls
 c - a scroll of silence {unknown}
 i - 2 scrolls of noise {unknown}
 o - a scroll of identify {unknown}
 r - a scroll of torment {unknown}
 x - a scroll of teleportation {unknown}
Potions
 d - 3 potions of curing {@q1}
 e - a potion of attraction {unknown}
 g - a potion of degeneration {unknown}
 l - a potion of ambrosia {unknown}
 m - 2 potions of magic
 s - a potion of flight {unknown}
 w - a potion of heal wounds {unknown}

Dungeon Overview and Level Annotations

Branches:
Dungeon (7/15)
 Temple: D:4-7

Altars:

Shops:
D:7 !

Annotations:
D:3 1 runed translucent door, Dreadrock's ghost, amateur MiFi

.⌠T ♣.♣ # #. ♣.♣ .##
#.♣♣ ♣.♣ ♣♣♣..# #....
♣♣.♣♣ .....#
#...♣♣...♣♣.....#
#..♣.....♣....#
#......)))...#
#..Fgg.)#.#.##
####'####...# #@# #.###
#..# #.# ##.# #.# .. #.#
#.##.# ############
#.##.# ...........#
#$##.# .####......#
).#.#
#......########.#∩#
####......##.....#.#.#
..##......##.....#...###


You could see a gnoll sergeant, a bullfrog and a gnoll.


Message History

The gnoll closely misses you. 😮 HP[-7]
You take 7 damage, and now have 54/81 hp.
You hit the gnoll sergeant but do no damage.
The gnoll sergeant hits you with a +2 vampiric trident!
The gnoll sergeant draws strength from your wounds!
The gnoll closely misses you.
The gnoll sergeant hits you with a +2 vampiric trident.
The gnoll sergeant draws strength from your wounds! 😮 HP[-8]
You take 8 damage, and now have 46/81 hp.
The gnoll sergeant blocks your attack.
You headbutt the gnoll sergeant! The gnoll barely misses you.
The gnoll sergeant hits you with a +2 vampiric trident.
The gnoll sergeant draws strength from your wounds!
A troll comes into view.
The gnoll closely misses you. 😮 HP[-4]
You take 4 damage, and now have 42/81 hp.
The gnoll sergeant barely misses you.
The gnoll hits you with a +0 spear. 😮 HP[-1]
You take 1 damage, and now have 41/81 hp.
You open the door.
You hear the slow hiss of a distant avalanche of sand.
The gnoll sergeant hits you but does no damage.
The gnoll completely misses you. The gnoll sergeant barely misses you.
You furiously retaliate!
You headbutt the gnoll sergeant, but do no damage.
The gnoll hits you with a +0 spear.
* * * LOW HITPOINT WARNING * * *
😨 HP[-4]
You take 4 damage, and now have 37/81 hp.
The gnoll sergeant hits you from afar with a +2 vampiric trident.
* * * LOW HITPOINT WARNING * * *
The gnoll sergeant draws strength from your wounds!
The gnoll closely misses you.
There is an open door here. 😨 HP[-2]
You take 2 damage, and now have 35/81 hp.
The gnoll sergeant hits you from afar with a +2 vampiric trident!
* * * LOW HITPOINT WARNING * * *
The gnoll hits you from afar with a +0 spear.
* * * LOW HITPOINT WARNING * * *
😨 HP[-8]
You take 8 damage, and now have 27/81 hp.
The gnoll sergeant hits you with a +2 vampiric trident.
* * * LOW HITPOINT WARNING * * *
The gnoll barely misses you. You furiously retaliate!
You headbutt the gnoll, but do no damage.
There is an open door here. 😨 HP[-2]
You take 2 damage, and now have 25/81 hp.
You hit the gnoll sergeant. You headbutt the gnoll sergeant. You hit the gnoll.
The gnoll sergeant hits you with a +2 vampiric trident!
* * * LOW HITPOINT WARNING * * *
The gnoll sergeant draws strength from your wounds!
The gnoll hits you but does no damage. The gnoll sergeant barely misses you.
You furiously retaliate!
You headbutt the gnoll sergeant, but do no damage.
The gnoll hits you but does no damage. 😱 HP[-7]
You take 7 damage, and now have 18/81 hp.
You hit the gnoll sergeant but do no damage.
You barely miss the gnoll.
The gnoll sergeant hits you with a +2 vampiric trident!
* * * LOW HITPOINT WARNING * * *
The gnoll misses you.
A bullfrog comes into view. 😱 HP[-5]
You take 5 damage, and now have 13/81 hp.
You feel better.
The bullfrog croaks.
The gnoll sergeant hits you with a +2 vampiric trident.
* * * LOW HITPOINT WARNING * * *
The gnoll sergeant draws strength from your wounds!
The gnoll hits you but does no damage. The gnoll sergeant barely misses you.
You furiously retaliate!
You headbutt the gnoll sergeant, but do no damage. 😱 HP[+7]
You regained 7 hp, and now have 20/81 hp.
You hit the gnoll sergeant but do no damage.
You hit the gnoll but do no damage. The gnoll hits you but does no damage.
The gnoll sergeant hits you with a +2 vampiric trident!
* * * LOW HITPOINT WARNING * * *
The gnoll hits you with a +0 spear.
* * * LOW HITPOINT WARNING * * *
😱 HP[-12]
You take 12 damage, and now have 8/81 hp.
It was a potion of magic.
Magic courses through your body.
The gnoll sergeant hits you with a +2 vampiric trident!
* * * LOW HITPOINT WARNING * * *
The gnoll misses you. 😱 HP[-7]
You take 7 damage, and now have 1/81 hp.
Okay, then.
The gnoll sergeant hits you from afar with a +2 vampiric trident.
* * * LOW HITPOINT WARNING * * *
The gnoll sergeant draws strength from your wounds!
The gnoll hits you from afar with a +0 spear.
You die...

Skill      XL: |  1  2  3  4  5  6  7  8  9 |
---------------+----------------------------+-----
Fighting       | 4 5 6 7 8 |  8.1
Axes           | 4 5 6 7 8 |  8.1
Armour         | 3 4 5 6 7 |  7.6
Dodging        | 3 4 5 6 7 |  7.0

Action                   |  1- 3 |  4- 6 |  7- 9 || total
-------------------------+-------+-------+-------++-------
Melee: Hand axe          |    69 |    77 |   169 ||   315
       Headbutt          |     7 |    10 |    39 ||    56
       Punch             |       |     1 |     2 ||     3
Throw: Boomerang         |       |     5 |     5 ||    10
Invok: Berserk           |     1 |     1 |     5 ||     7
  Use: Potion            |       |       |     2 ||     2
 Stab: Sleeping          |     1 |       |       ||     1
Armor: Animal skin       |     9 |     8 |     6 ||    23
       Chain mail        |       |       |    49 ||    49
Dodge: Dodged            |    35 |    58 |   130 ||   223

Levels and vault maps discovered:
D:1:      erik_arrival_triangle_medium, layout_basic, kennysheep_another_room,
          corner_web_ring, minmay_unequal
D:2:      cheibrodos_old_hovel, layout_loops_cross,
          hellmonk_ecumenical_altar_pennies_from_heaven, uniq_jessica
D:3:      layout_rooms, gammafunk_ghost_grave
D:5:      minmay_polygon_palace, layout_rooms, grunt_tough_drop,
          uniq_prince_ribbit1, uniq_ijyb
D:6:      layout_basic, minmay_misc_feat_pillars, grunt_ministairs_1
D:7:      layout_basic, serial_shops, shop, gup_ossuary_entry_pyramid,
          kb_rosetta, uniq_menkaure, uniq_harold

Notes
Turn   | Place    | Note
-------+----------+-------------------------------------------
     0 | D:1      | Faeu the Minotaur Berserker began the quest for the Orb.
     0 | D:1      | Reached XP level 1. HP: 19/19 MP: 0/0
     0 | D:1      | magus.rc [v1.9.6]
   185 | D:1      | Reached XP level 2. HP: 27/27 MP: 1/1
   261 | D:1      | Reached skill level 4 in Fighting
   268 | D:1      | Reached ** piety under Trog
   320 | D:1      | Reached skill level 4 in Axes
   571 | D:1      | Reached skill level 3 in Armour
   901 | D:2      | Reached XP level 3. HP: 33/33 MP: 2/2
  1011 | D:2      | You add the spells Ignite Poison, Mephitic Cloud and
                  | Freezing Cloud to your library.
  1119 | D:2      | Noticed Jessica
  1132 | D:2      | HP: 12/49 [Jessica/+0 club (4)]
  1133 | D:2      | Killed Jessica
  1134 | D:2      | Reached skill level 3 in Dodging
  1468 | D:2      | You pick up a book of the Wilderness {forbidden} and begin
                  | reading...
  1468 | D:2      | You add the spells Summon Forest, Summon Mana Viper and
                  | Summon Cactus Giant to your library.
  1498 | D:2      | Reached XP level 4. HP: 40/41 MP: 3/3
  1689 | D:2      | Found a faded altar of an unknown god.
  2021 | D:3      | Found a runed translucent door.
  2022 | D:3      | Noticed Dreadrock's ghost (amateur MiFi)
  2172 | D:3      | You fall into a shaft and drop 3 floors!
  2176 | D:5      | Entered Level 5 of the Dungeon
  2399 | D:6      | Reached XP level 5. HP: 39/47 MP: 4/4
  2598 | D:6      | Reached skill level 5 in Fighting
  2598 | D:6      | Reached skill level 5 in Axes
  2598 | D:6      | Reached skill level 4 in Armour
  2682 | D:6      | Reached XP level 6. HP: 34/56 MP: 5/5
  2865 | D:6      | Reached skill level 4 in Dodging
  2868 | D:6      | Noticed a steam dragon
  2877 | D:6      | HP: 17/84 [steam dragon/ball of steam (15)]
  2879 | D:6      | Killed a steam dragon
  3214 | D:5      | Reached skill level 5 in Armour
  3214 | D:5      | Reached XP level 7. HP: 61/62 MP: 6/6
  3266 | D:5      | Noticed Prince Ribbit
  3295 | D:5      | Reached skill level 6 in Fighting
  3295 | D:5      | Reached skill level 6 in Axes
  3301 | D:5      | Noticed a wyvern
  3312 | D:5      | Reached skill level 5 in Dodging
  3312 | D:5      | Killed a wyvern
  3564 | D:5      | Reached skill level 6 in Armour
  3564 | D:5      | Reached XP level 8. HP: 60/71 MP: 7/7
  3899 | D:5      | HP: 21/106 [something/magic dart (9)]
  3911 | D:5      | HP: 17/71 [orc/+0 mace (4)]
  3994 | D:5      | Reached skill level 7 in Fighting
  3994 | D:5      | Reached skill level 7 in Axes
  3994 | D:5      | Reached skill level 6 in Dodging
  4238 | D:5      | Noticed Ijyb
  4238 | D:5      | Paralysed by Ijyb for 5 turns
  4266 | D:5      | Killed Ijyb
  4308 | D:5      | Killed Prince Ribbit
  4372 | D:6      | Reached skill level 7 in Armour
  4419 | D:5      | Reached *** piety under Trog
  4932 | D:7      | Reached XP level 9. HP: 51/81 MP: 8/8
  4934 | D:7      | Found Avvipeig's Distillery.
  4958 | D:7      | Noticed Menkaure
  4963 | D:7      | Killed Menkaure
  4964 | D:7      | Reached skill level 8 in Fighting
  4964 | D:7      | Reached skill level 8 in Axes
  4967 | D:7      | Reached skill level 7 in Dodging
  4979 | D:7      | Noticed a troll
  4985 | D:7      | HP: 18/81 [gnoll sergeant/+2 vampiric trident (8)]
  4988 | D:7      | HP: 8/81 [gnoll/+0 spear (5)]
  4989 | D:7      | HP: 1/81 [gnoll sergeant/+2 vampiric trident (8)]
  4990 | D:7      | Slain by a gnoll

Vanquished Creatures
  Prince Ribbit (D:5)
  A wyvern (D:5)
  2 steam dragons
  Menkaure (D:7)
  A water moccasin (D:5)
  A black bear (D:6)
  A sky beast (D:5)
  2 necrophages (D:5)
  2 centaurs (D:5)
  3 bullfrogs
  2 scorpions (D:6)
  A bullfrog zombie (D:6)
  4 hounds
  2 orc priests
  Jessica (D:2)
  2 iguanas
  Ijyb (D:5)
  An orc wizard (D:5)
  2 hound zombies (D:5)
  2 hound skeletons (D:5)
  4 gnolls (D:7)
  4 adders
  An ufetubus (D:5)
  An adder zombie (D:5)
  An adder skeleton (D:5)
  A dart slug (D:1)
  13 orcs
  8 bats
  5 endoplasms
  2 giant cockroaches
  5 goblins
  3 hobgoblins
  10 kobolds
  3 ball pythons (D:2)
  5 frilled lizards (D:1)
  2 rats
101 creatures vanquished.

Vanquished Creatures (others)
  4 plants (D:2)
4 creatures vanquished.

Grand Total: 105 creatures vanquished

Table legend:
 A = Non-vault XP
 B = Vault XP
 C = Vault XP percentage of total XP
 D = Non-vault monster count
 E = Vault monster count
 F = Vault count percentage of total count
                 A         B        C        D         E       F
            +---------+---------+-------+---------+---------+-------
      Total |    1555 |    1586 |  50.5 |      74 |      27 |  26.7
            +---------+---------+-------+---------+---------+-------
        D:1 |      32 |       7 |  17.9 |      20 |       4 |  16.7
        D:2 |      55 |      38 |  40.9 |      19 |       2 |   9.5
        D:3 |       3 |       0 |   0.0 |       2 |       0 |   0.0
        D:5 |     373 |    1236 |  76.8 |       9 |      18 |  66.7
        D:6 |     675 |     140 |  17.2 |      16 |       2 |  11.1
        D:7 |     417 |     165 |  28.4 |       8 |       1 |  11.1
            +---------+---------+-------+---------+---------+-------

Illustrated notes

Table legend:
 A = Kills in this place as a percentage of kills in entire the game.
 B = Kills by you in this place as a percentage of kills by you in the entire game.
 C = Kills by friends in this place as a percentage of kills by friends in the entire game.
 D = Other kills in this place as a percentage of other kills in the entire game.
 E = Experience gained in this place as a percentage of experience gained in the entire game.
 F = Experience gained in this place divided by the number of levels of this place that you have seen.
                   A       B       C       D       E      F
               +-------+-------+-------+-------+-------+----------------------
         Total | 100.0 | 100.0 |   N/A |   N/A | 100.0 | 523.5
       Dungeon | 100.0 | 100.0 |   N/A |   N/A | 100.0 | 523.5
               +-------+-------+-------+-------+-------+----------------------

Table legend: (Time is in decaauts)
 A = Elapsed time spent in this place.
 B = Non-inter-level travel time spent in this place.
 C = Inter-level travel time spent in this place.
 D = Time resting spent in this place.
 E = Time spent auto-exploring this place.
 F = Levels seen in this place.
 G = Mean time per level.
                   A        B        C        D        E       F      G
               +--------+--------+--------+--------+--------+-----+--------+
         Total |   5064 |   5011 |     53 |   1580 |   2059 |   6 |  844.0 |
       Dungeon |   5064 |   5011 |     53 |   1580 |   2059 |   6 |  844.0 |
               +--------+--------+--------+--------+--------+-----+--------+

Top non-repeatable levels by time:
     D:6: 1497 daAuts
     D:5: 1261 daAuts
     D:2: 1057 daAuts
     D:1: 899 daAuts
     D:3: 235 daAuts
     D:7: 113 daAuts
